 Dungeon Crawl Stone Soup version 0.17.1-3-g152610e (webtiles) character file.

233 kaze the Slasher (level 5, -12/42 HPs)
             Began as a Demonspawn Chaos Knight on Mar 9, 2016.
             Mangled by an ogre
             ... wielding a +0 giant spiked club
              (16 damage)
             ... on level 4 of the Dungeon.
             The game lasted 00:07:20 (2783 turns).

kaze the Slasher (Demonspawn Chaos Knight)          Turns: 2783, Time: 00:07:20

Health: -12/42     AC: 15    Str: 14    XL:     5   Next: 74%
Magic:  5/5        EV:  9    Int: 13    God:    Xom [...*..]
Gold:   129        SH:  0    Dex: 12    Spells: 1 memorised, 3 levels left

rFire  . . .     SeeInvis .     a - +0 falchion (chaos)
rCold  . . .     Clarity  +     k - +2 plate armour {rPois}
rNeg   . . .     SustAt   .     (no shield)
rPois  +         Gourm    .     (no helmet)
rElec  +         Spirit   .     (no cloak)
rCorr  .         Warding  .     (no gloves)
rMut   .         Stasis   .     (no boots)
MR     .....                    (no amulet)
Stlth  ..........               (no ring)
                                x - +5 ring of evasion

@: not resistant to hostile enchantments, extremely unstealthy
A: hooves 1, thin metallic scales 1, clarity, electricity resistance, spiny 1,
spit poison 1
a: Spit Poison, Renounce Religion


You were on level 4 of the Dungeon.
You worshipped Xom.
You were a favourite toy of Xom.
You were not hungry.

You visited 1 branch of the dungeon, and saw 4 of its levels.

You collected 129 gold pieces.

Inventory:

Hand Weapons
 a - a +0 falchion of chaos (weapon)
Missiles
 p - 8 tomahawks (quivered)
 v - 4 large rocks
Armour
 b - a +2 leather armour
 k - a +2 plate armour of poison resistance (worn)
Jewellery
 x - a +5 ring of evasion (left hand)
Wands
 r - a wand of confusion (19)
Scrolls
 d - 2 scrolls of noise {unknown}
 e - a scroll of magic mapping {unknown}
 g - a scroll of identify {unknown}
 m - 2 scrolls of teleportation {unknown}
 o - 3 scrolls of blinking {unknown}
 u - a scroll of enchant armour {unknown}
 w - a scroll of immolation {unknown}
 y - a scroll of amnesia {unknown}
Potions
 j - a potion of degeneration {unknown}
 l - 3 potions of curing {unknown}
 n - a potion of brilliance {unknown}
 s - a potion of heal wounds {unknown}
 t - a potion of haste {unknown}
Books
 q - a book of Battle

   Spells                             Type                      Level
   a - Infusion                       Charms                       1
   b - Shroud of Golubria             Charms/Translocation         2
   c - Song of Slaying                Charms                       2
   d - Spectral Weapon                Hexes/Charms                 3
   e - Regeneration                   Charms/Necromancy            3
Comestibles
 c - 4 bread rations
 f - 2 slices of pizza
 h - 2 beef jerkies
 i - 7 fruits


   Skills:
 + Level 4.1 Fighting
 + Level 4.2 Long Blades
 + Level 3.2 Armour
 + Level 1.4 Dodging
 - Level 0.6 Stealth


You had 3 spell levels left.
You knew the following spells:

 Your Spells              Type           Power        Failure   Level  Hunger
a - Infusion              Chrm           #.....       100%        1    ##.....


Dungeon Overview and Level Annotations

Branches:
Dungeon (4/15)
 Temple: D:4-7

Altars:
Xom
Zin


Innate Abilities, Weirdness & Mutations

You have large cloven feet.
You are partially covered in thin metallic scales (AC +2).
You are partially covered in sharp spines.
You possess an exceptional clarity of mind.
You are resistant to electric shocks.
You can spit weak poison.


Message History

You completely miss the ogre. You kick the ogre, but do no damage.
You closely miss the ogre. The ogre is struck by your spines.
The ogre barely misses you.
You hit the ogre.
The ogre is heavily wounded.
The ogre hits you with a giant spiked club!!
You hit the ogre. You freeze the ogre. Your kick misses the ogre.
The ogre is severely wounded.
The ogre is struck by your spines.
The ogre hits you with a giant spiked club!
* * * LOW HITPOINT WARNING * * *
Things that are here:
a hand axe; a worker ant corpse You barely miss the ogre.
The ogre is almost dead.
The ogre closely misses you.
You see here a ring mail.
The ogre hits you with a giant spiked club!
You die...
Xom snickers!

# #.#############
#...@O..[.....#####
#############.....#
#.###.# #.# #.###
#.# #....
#########.# #####
.......<..# #
#########.# #.. #>#
#.#


You could see an ogre.

Vanquished Creatures
  2 orc priests (D:3)
  3 worker ants
  Robin (D:3)
  4 adders
  4 worms
  4 orcs (D:3)
  5 bats
  11 goblins
  5 hobgoblins
  A quokka (D:3)
  3 giant cockroaches
  3 giant newts
  9 kobolds
  5 rats
60 creatures vanquished.

Notes
Turn   | Place    | Note
--------------------------------------------------------------
     0 | D:1      | kaze the Demonspawn Chaos Knight began the quest for the Orb.
     0 | D:1      | Reached XP level 1. HP: 18/18 MP: 1/1
   158 | D:1      | XOM: divination: detect creatures
   256 | D:1      | Gained mutation: You are partially covered in sharp spines. [demonic ancestry]
   256 | D:1      | Reached XP level 2. HP: 24/24 MP: 2/2
   681 | D:2      | Gained mutation: You have large cloven feet. [demonic ancestry]
   681 | D:2      | Reached XP level 3. HP: 24/29 MP: 3/3
   709 | D:2      | Reached skill level 1 in Dodging
   759 | D:2      | XOM: god gift: slice of pizza
   814 | D:2      | Learned a level 1 spell: Infusion
   896 | D:2      | XOM: give mutations
   896 | D:2      | Gained mutation: You evolve. [Xom's grace]
   896 | D:2      | Gained mutation: You are resistant to electric shocks. [Xom's grace]
   896 | D:2      | Gained mutation: You can spit weak poison. [Xom's grace]
   896 | D:2      | Gained mutation: You possess an exceptional clarity of mind. [Xom's grace]
  1185 | D:2      | Found a glowing silver altar of Zin.
  1310 | D:2      | Lost mutation: You evolve. [evolution]
  1607 | D:3      | XOM: swap monsters
  1609 | D:3      | Gained mutation: You are partially covered in thin metallic scales (AC +2). [demonic ancestry]
  1609 | D:3      | Reached XP level 4. HP: 4/37 MP: 4/4
  1716 | D:3      | XOM: god gift: scroll labeled FIBLICH KO BEJ
  2049 | D:3      | Reached skill level 4 in Long Blades
  2049 | D:3      | Reached XP level 5. HP: 42/42 MP: 5/5
  2133 | D:3      | Noticed Robin
  2138 | D:3      | Killed Robin
  2348 | D:3      | XOM: scenery: create altars
  2748 | D:4      | Noticed an ogre
  2758 | D:4      | HP: 1/42 [ogre/giant spiked club (17)]
  2783 | D:4      | Mangled by an ogre

Action                   |  1- 3 |  4- 6 || total
-------------------------+-------+-------++-------
Melee: Falchion          |    61 |    43 ||   104
 Stab: Confused          |     2 |       ||     2
       Sleeping          |     2 |       ||     2
       Paralysed         |     1 |       ||     1
       Petrifying        |       |     1 ||     1
  Eat: Chunk             |     2 |     1 ||     3
       Meat ration       |       |     1 ||     1
